[Event "8th Fischer Heraklion-GM 2022"]
[Site "Heraklion"]
[Date "2022.04.25"]
[Round "1.1"]
[White "Mitsis, Georgios"]
[Black "Korneev, Oleg"]
[Result "1/2-1/2"]
[ECO "D12"]
[WhiteElo "2344"]
[BlackElo "2521"]
[Annotator "TA"]
[PlyCount "32"]
[EventDate "2022.04.18"]
[EventType "tourn"]
[EventCountry "GRE"]
[SourceTitle "playchess.com"]
[Source "ChessBase"]
[SourceQuality "1"]
[TimeControl "40/5400+30:1800+30"]

1. d4 d5 2. Nf3 Nf6 3. c4 c6 4. e3 Bf5 5. Nc3 e6 6. Nh4 Be4 7. f3 Bg6 8. Qb3 Qc7 9. Bd2 {[%emt 0:00:53] D12: Slav Defence: 3 Nf3 Nf6 4 e3 Bf5.} Be7 10. g3 a6 11. a4 O-O 12. Nxg6 hxg6 13. Rc1 {[%emt 0:00:26] Threatening cxd5.} dxc4 14. Bxc4 Nbd7 15. O-O {[%emt 0:03:06] [#]} Nb6 $146 (15... e5 $11) ({Predecessor:} 15... b5 16. Be2 Qb6 17. Ne4 Rfc8 18. Rc2 Nxe4 19. fxe4 b4 20. Rfc1 Qb7 21. e5 c5 {0-1 (48) Petrosyan,M (2607)-Vachier Lagrave,M (2778) Chess.com INT 2020}) 16. Be2 $14 Nbd5 {[%emt 0:04:48] Weighted Error Value: White=0.07 (flawless) /Black=0.15 (very precise)} 1/2-1/2

[Event "8th Fischer Heraklion-GM 2022"]
[Site "Heraklion"]
[Date "2022.04.25"]
[Round "1.2"]
[White "Szwed, Jacek"]
[Black "Milikow, Yoav"]
[Result "0-1"]
[ECO "C02"]
[WhiteElo "2360"]
[BlackElo "2383"]
[Annotator "TA"]
[PlyCount "92"]
[EventDate "2022.04.18"]
[EventType "tourn"]
[EventCountry "GRE"]
[SourceTitle "playchess.com"]
[Source "ChessBase"]
[SourceQuality "1"]
[TimeControl "40/5400+30:1800+30"]

1. e4 e6 2. d4 d5 3. e5 c5 4. c3 Qb6 5. Nf3 Nc6 6. Bd3 cxd4 7. O-O {[%emt 0:00:35] is now more promising than 7.cxd4. C02: French: Advance Variation.} Bd7 8. Re1 Rc8 9. h4 (9. Nbd2 $11) 9... Nge7 (9... Nh6 $17 {aiming for ...dxc3.} 10. Qe2 Ng4) 10. a3 a6 11. b4 dxc3 12. Nxc3 Nd4 13. Bb2 {[%emt 0:10:01] [#] Black must now prevent Nxd4.} Ng6 $146 (13... Nxf3+ $1 $15 {is superior.} 14. Qxf3 g6) ({Predecessor:} 13... Nxf3+ 14. Qxf3 Nc6 15. h5 Na5 16. h6 Nc4 17. Nxd5 Qd8 18. Qg4 Nxb2 19. hxg7 Bxg7 20. Qxg7 {1-0 (30) Bodnaruk,A (2392)-Tomilova,E (2264) Cheliabinsk 2022}) 14. g3 {[%emt 0:07:34] [#]} Bc5 $1 15. Ng5 $14 Nc6 $1 16. Na4 (16. bxc5 $11 {keeps the balance.} Qxb2 17. Bxg6 hxg6 18. Nxd5 exd5 19. Qxd5) 16... Bxf2+ $17 17. Kg2 Qa7 18. Qf3 {[%emt 0:02:30][%csl LRf2,LRf7] [#]} Nd8 19. Rf1 Qe3 20. Nc5 (20. Qxf2 $17 Qxf2+ 21. Rxf2 Bxa4 22. Raf1) 20... Qxf3+ $19 21. Nxf3 Bxc5 22. bxc5 Rxc5 23. a4 h6 24. Rfd1 Rc7 25. a5 Nc6 26. Ba3 Na7 ({Don't play} 26... Nxa5 27. Bd6 $16) 27. Bd6 Rc8 (27... Rc3 $19 {Hoping for ...Ne7.} 28. Rab1 Bb5 29. Bxb5+ Nxb5) 28. Nd4 (28. Rdb1 $17 Nb5 29. Bxb5 axb5 30. a6 bxa6 31. Rxa6) 28... Nc6 29. Bxg6 fxg6 30. Nxc6 Bxc6 ({Stronger than} 30... Rxc6 31. Rac1) 31. Rd4 Bb5 32. Ra2 Kf7 33. Rg4 (33. Rf2+ $142 Kg8 34. Rdf4) 33... Bd3 34. Rb4 Bb5 ({Don't go for} 34... Be4+ $2 35. Kh3 $19) 35. Rg4 $1 Rhe8 36. Rf2+ Kg8 37. Rxg6 Rc4 {[%emt 0:01:29] Strongly threatening ...Ba4.} 38. Kh3 d4 39. Rd2 Rec8 40. h5 $2 (40. Rg4 Ra4 41. Rgxd4) 40... Kf7 41. Rf2+ $1 Kg8 42. Rd2 Kh7 43. Be7 $2 (43. Rg4 {might work better.}) 43... R8c7 44. Ba3 Rf7 (44... Rc2 $142 45. Rxd4 Bf1+ 46. Kg4 Rh2) 45. Bb2 $2 (45. Rg4 {was forced.}) 45... d3 {[%emt 0:03:05] ...Rc2 is the strong threat.} 46. Kg2 Rfc7 {[%emt 0:00:58] Weighted Error Value: White=0.59/Black=0.47} (46... Bc6+ $142 47. Kh2 Rf1) 0-1

[Event "8th Fischer Heraklion-GM 2022"]
[Site "Heraklion"]
[Date "2022.04.25"]
[Round "1.3"]
[White "Nikolaidis, Ioannis"]
[Black "Jahncke, Giso"]
[Result "1-0"]
[ECO "E54"]
[WhiteElo "2536"]
[BlackElo "2326"]
[Annotator "TA"]
[PlyCount "141"]
[EventDate "2022.04.18"]
[EventType "tourn"]
[EventCountry "GRE"]
[SourceTitle "playchess.com"]
[Source "ChessBase"]
[SourceQuality "1"]
[TimeControl "40/5400+30:1800+30"]

1. d4 Nf6 2. c4 e6 3. Nc3 Bb4 4. e3 O-O 5. Bd3 d5 6. Nf3 c5 7. O-O dxc4 8. Bxc4 cxd4 9. exd4 b6 10. Bg5 Bb7 11. Rc1 Nbd7 12. Qe2 Be7 13. Rfd1 h6 {[%emt 0:06:20] E54: Nimzo-Indian: Rubinstein: Main Line: 7...dxc4 8 Bxc4.} 14. Bf4 {[%emt 0:11:00] [#] d5 is the strong threat.} Nh5 $146 ({Predecessor:} 14... Rc8 15. Ne5 Nd5 16. Nxd5 exd5 17. Bd3 Nxe5 18. Bxe5 Bf6 19. Rxc8 Bxc8 20. Rc1 Bxe5 21. Qxe5 {1-0 (48) Aleksandrov,A (2563)-Sarana,A (2433) Riga 2016}) 15. Be3 Bd6 (15... Nhf6 $1 $14) 16. d5 $16 e5 17. Ne4 (17. Bb5 $16) 17... Ndf6 $11 18. Nfd2 Rc8 19. g3 Nxe4 20. Nxe4 Nf6 21. Nc3 Qd7 22. Ba6 Bxa6 23. Qxa6 Qh3 {[%emt 0:00:13] Threatens to win with ...Ng4.} 24. Qf1 Qd7 25. Qd3 Ng4 26. Ne4 Nxe3 (26... Bb8 $5 ) 27. Qxe3 f5 {[%emt 0:02:05] Hoping for ...Rxc1.} 28. Nxd6 Qxd6 29. Qb3 Rxc1 30. Rxc1 {[%emt 0:00:04][%mdl 4096] Endgame KQR-KQR} Rd8 31. Qf3 f4 32. Rd1 fxg3 33. hxg3 Rf8 34. Qe4 Rd8 35. Rd3 Kh8 36. Kg2 Kg8 37. a4 Kh8 38. b4 Kg8 39. b5 Rd7 40. Qc4 Rc7 41. Qg4 Rd7 42. Qf5 Rd8 43. Qe4 Rd7 $1 44. Rd2 Rc7 (44... g6 $11) 45. Rd1 (45. Re2 $16) 45... Rd7 46. Rd3 (46. Kf1 {is more complex.} Kf7 47. Qf3+ Qf6 48. Qg4) 46... Rc7 (46... g6 $11) 47. Re3 $16 Rc5 48. Qxe5 Qxd5+ 49. Qxd5+ Rxd5 {[%emt 0:00:03] KR-KR} 50. Re7 a6 51. bxa6 {[%emt 0:02:22] White threatens a7 and mate.} Ra5 52. a7 {[%emt 0:00:14] Intending Re8+ and mate. &Bianco is more active.} Kh7 53. f4 {[%emt 0:00:30][%cal Bf2f4,Bf4f5][%mdl 32] And now f5! would win.} h5 $2 {[%emt 0:03:41][%mdl 8192] Black cannot hold the game after this.} (53... Kg6 $16) 54. Rb7 $1 $18 Rxa4 {[%emt 0:01:56] [#]} 55. f5 $1 {[%emt 0:03:15] Threatening mate with f6.} Kh6 56. Rxb6+ Kg5 57. Rg6+ Kxf5 58. Rxg7 Ra2+ $2 {[%emt 0:05:43] [#]} (58... Ra3 59. Kf2 Kf6) 59. Kf3 $1 Ra3+ 60. Ke2 Ke4 61. Kd2 Kf3 62. Kc2 {[%emt 0:00:33] White mates.} Ra1 63. Kb2 ({Not} 63. Rf7+ Kxg3 64. Rg7+ Kf3 $11) 63... Ra6 64. Kc3 Ra1 65. Kd4 ({Weaker is} 65. Rf7+ Kxg3 66. Rh7 h4 $11) 65... Ra4+ 66. Kc5 Ra1 67. Kb6 Rb1+ 68. Kc7 Ra1 69. Kb8 Rb1+ 70. Rb7 Ra1 71. Rb3+ {[%emt 0:00:03] Weighted Error Value: White=0.15 (very precise) /Black=0.14 (very precise)} 1-0

[Event "8th Fischer Heraklion-GM 2022"]
[Site "Heraklion"]
[Date "2022.04.25"]
[Round "1.4"]
[White "Materia, Marco"]
[Black "Samaridis, Konstantinos"]
[Result "1-0"]
[ECO "D31"]
[WhiteElo "2398"]
[BlackElo "2064"]
[Annotator "TA"]
[PlyCount "71"]
[EventDate "2022.04.18"]
[EventType "tourn"]
[EventCountry "GRE"]
[SourceTitle "playchess.com"]
[Source "ChessBase"]
[SourceQuality "1"]
[TimeControl "40/5400+30:1800+30"]

1. d4 Nf6 2. c4 e6 3. Bf4 d5 4. cxd5 exd5 5. e3 c6 6. Bd3 Bd6 7. Bxd6 Qxd6 8. Nc3 O-O {[%emt 0:00:57] D31: Queen's Gambit Declined: Semi-Slav without ...Nf6 (+ Marshall Gambit and Noteboom) and Exchange Variation lines without ...Nf6.} 9. Nge2 Re8 10. h3 Nbd7 {[%emt 0:03:08] [#] The position is equal.} 11. Qd2 $146 ({Predecessor:} 11. O-O) 11... Ne4 12. Nxe4 dxe4 13. Bc2 Nb6 14. Ng3 f5 15. Bb3+ Kh8 16. O-O c5 17. Rac1 c4 (17... cxd4 $11 18. Qxd4 Qxd4 19. exd4 f4) 18. Bxc4 $18 Nxc4 19. Rxc4 Be6 20. Rc3 Bd7 21. Rfc1 g5 $2 (21... g6 22. Ne2 a6) 22. Qc2 Qg6 23. Rc7 Rac8 (23... Rad8 $142 24. d5 Kg8) 24. Qd2 Rcd8 25. d5 ({Don't take} 25. Rxb7 f4 26. Nf1 (26. Rxa7 fxg3 27. fxg3 Bc6 $16) 26... f3 $18) 25... Kg8 26. Ne2 {[%emt 0:05:01] Against f4} (26. Rxb7 $142 f4 27. Nf1 (27. Rxa7 fxg3 28. fxg3 Qd6 $11)) 26... Bc6 27. Nd4 Bxd5 28. Qc3 $36 {[%emt 0:01:23][%cal Od4f5][%mdl 2048] [#] Threatens to win with Nxf5! Keeping Black busy.} Rf8 29. Qc5 {[%emt 0:04:06] White is more active.} ({White should play} 29. g4 fxg4 30. hxg4) 29... Qd6 (29... f4 $16) 30. Qxa7 f4 {[%emt 0:01:42] aiming for ...fxe3.} 31. Qc5 fxe3 (31... Qh6 $142) 32. fxe3 Qg3 $2 (32... b6 33. Qxd6 Rxd6) 33. Qe7 {[%emt 0:01:34][%csl Gc7][%cal Re7h7] [#] The board is on fire.} Qxe3+ $2 (33... Qf2+ $18 34. Kh1 Qf7 35. Qxg5+ Qg6) 34. Kh1 {[%emt 0:00:23][%csl Gc7][%cal Re7h7] White mates.} Bf7 35. Nf5 Qb6 36. Qe5 {[%emt 0:00:09] Weighted Error Value: White=0.15 (very precise) /Black=0.46} 1-0

[Event "8th Fischer Heraklion-GM 2022"]
[Site "Heraklion"]
[Date "2022.04.25"]
[Round "1.5"]
[White "Kapnisis, Spyridon"]
[Black "Vaishali R"]
[Result "1/2-1/2"]
[ECO "B33"]
[WhiteElo "2450"]
[BlackElo "2411"]
[Annotator "TA"]
[PlyCount "49"]
[EventDate "2022.04.18"]
[EventType "tourn"]
[EventCountry "GRE"]
[SourceTitle "playchess.com"]
[Source "ChessBase"]
[SourceQuality "1"]
[TimeControl "40/5400+30:1800+30"]

1. e4 c5 2. Nf3 Nc6 3. d4 cxd4 4. Nxd4 Nf6 5. Nc3 e5 6. Ndb5 d6 7. Nd5 Nxd5 8. exd5 Nb8 9. c4 Be7 10. c5 O-O {[%emt 0:01:55] B33: Sicilian: Pelikan and Sveshnikov Variations.} (10... dxc5 $2 11. d6 Na6 12. dxe7 Qxd1+ 13. Kxd1 $18) 11. Bc4 a6 {[%emt 0:01:52] [#]} (11... Bd7 $5 12. cxd6 Bxb5 13. Bxb5 (13. dxe7 Qxe7 14. Bxb5 Qb4+ 15. Ke2 Qxb5+ 16. Qd3 Qb4 $11) 13... Qxd6 $11) 12. cxd6 $1 {[%emt 0:02:39] The position is equal.} Bxd6 13. Nxd6 Qxd6 14. O-O b5 15. Bb3 Bb7 16. Be3 Nd7 17. Rc1 Rac8 18. Qd3 Nf6 {[%emt 0:10:16] [#]} 19. Bg5 $146 ({Predecessor:} 19. Rxc8 Rxc8 20. Rd1 h6 21. Qf5 Rc7 22. f4 exf4 23. Qxf4 Qxf4 24. Bxf4 Rd7 25. d6 g5 26. Be5 Ng4 27. Bc3 Ne3 28. Re1 b4 29. Bd4 Nf5 30. Re8+ Kh7 {1-0 (30) Nikolic,R (2219)-Ivkovic,M (1000) Belgrade 2015}) 19... Rxc1 20. Rxc1 Nxd5 21. Rd1 h6 $1 22. Bh4 {[%emt 0:05:03][%cal Rb3d5] This bishop pair is nice.} Qb4 23. Bxd5 Bxd5 24. Qxd5 {[%emt 0:00:05] [#] Bg3 is the strong threat.} Qxh4 25. Qxe5 {[%emt 0:00:12] An even fight not without its subleties.  Weighted Error Value: White=0.05 (flawless) /Black=0.05 (flawless)} 1/2-1/2

[Event "8th Fischer Heraklion-GM 2022"]
[Site "Heraklion"]
[Date "2022.04.27"]
[Round "2.1"]
[White "Korneev, Oleg"]
[Black "Vaishali R"]
[Result "1-0"]
[ECO "D02"]
[WhiteElo "2521"]
[BlackElo "2411"]
[Annotator "TA"]
[PlyCount "119"]
[EventDate "2022.04.18"]
[EventType "tourn"]
[EventCountry "GRE"]
[SourceTitle "playchess.com"]
[Source "ChessBase"]
[SourceQuality "1"]
[TimeControl "40/5400+30:1800+30"]

1. d4 Nf6 2. Nf3 d5 3. Bf4 c5 4. e3 Nc6 5. Nbd2 cxd4 6. exd4 {[%emt 0:00:04] D02: 1 d4 d5 2 Nf3 sidelines, including 2...Nf6 3 g3 and 2...Nf6 3 Bf4.} Bf5 7. c3 e6 8. Be2 {[%emt 0:00:07] The position is equal.} Bd6 9. Bxd6 Qxd6 10. O-O h6 {[%emt 0:04:28] [#]} 11. Ne1 $1 $146 {[%emt 0:02:59][%mdl 8] An important novelty.} ({Predecessor:} 11. Re1 O-O 12. Nf1 Qc7 13. Ng3 Bh7 14. Bd3 Bxd3 15. Qxd3 Rab8 16. a4 a6 17. Ne5 Nxe5 18. dxe5 {½-½ (49) Caruana,F (2792)-Riazantsev,A (2634) Chess.com INT 2022}) 11... O-O 12. Bd3 Bxd3 13. Nxd3 e5 14. dxe5 Nxe5 15. Nxe5 Qxe5 16. Re1 Qc7 17. Nf1 Qb6 18. Qb3 Qxb3 19. axb3 a5 20. Ne3 d4 21. cxd4 Rfd8 22. Red1 Nd5 23. g3 (23. Rac1 $5 ) 23... b6 24. Rac1 a4 25. Rc6 axb3 26. Nxd5 Rxd5 27. Rxb6 $16 {[%emt 0:00:08][%mdl 4096] Endgame KRR-KRR} Ra4 28. Kf1 Raxd4 29. Rxd4 Rxd4 {[%emt 0:00:03] KR-KR} 30. Ke2 Rc4 31. Rxb3 Rc2+ 32. Ke3 h5 (32... Kf8 $16 33. Rb7 g6) 33. h4 $18 g6 34. Rb7 (34. Rb6 $18) 34... Kg7 $16 35. b4 {[%emt 0:05:05] aiming for b5.} Rb2 36. b5 {[%emt 0:01:25] Black must now prevent Kd4.} Kf6 37. b6 (37. Kd4 $1 $18 ) 37... Ke6 {[%emt 0:00:46] [#]} (37... Ke5 $16) 38. Rb8 $1 $18 Kf5 (38... Ke5 $142 39. b7 Rb3+ 40. Kd2 Kf6) 39. f3 {[%emt 0:05:53] Hoping for Kd4.} Rb3+ $2 (39... Ke5 40. b7 Rb3+ 41. Kd2 Kf6) 40. Kd4 Rxf3 41. Kc4 Rf1 {[%emt 0:16:21] [#]} 42. Rd8 $2 (42. Ra8 $1 $18 {Threatens to win with b7.} Rb1 43. Kc5) 42... Kg4 $2 (42... Rc1+ $11 43. Kb5 Rb1+ 44. Kc6 Kg4) 43. Rd4+ ({Less strong is} 43. b7 Rc1+ 44. Kb5 Rb1+ 45. Kc6 Kxg3 $14) 43... Kh3 44. Rd3 (44. b7 Rb1 45. Rd7 f6 $11) 44... Re1 45. b7 Re8 46. Rb3 Rb8 47. Kd5 f5 48. Ke5 Kg4 49. Kf6 (49. Ke6 $142 f4 50. gxf4 Kxh4 51. Kf6) 49... f4 50. gxf4 Kxh4 51. Kxg6 Kg4 52. f5 h4 53. f6 h3 54. f7 h2 55. Rb1 Rxb7 56. Rxb7 {[%emt 0:00:14] White mates.} h1=Q 57. Rb4+ Kg3 58. f8=Q Qc6+ 59. Qf6 Qe8+ 60. Kh6 {[%emt 0:00:15] Weighted Error Value: White=0.22 (precise) /Black=0.27 (precise)} 1-0

[Event "8th Fischer Heraklion-GM 2022"]
[Site "Heraklion"]
[Date "2022.04.27"]
[Round "2.2"]
[White "Samaridis, Konstantinos"]
[Black "Kapnisis, Spyridon"]
[Result "0-1"]
[ECO "B30"]
[WhiteElo "2064"]
[BlackElo "2450"]
[Annotator "TA"]
[PlyCount "56"]
[EventDate "2022.04.18"]
[EventType "tourn"]
[EventCountry "GRE"]
[SourceTitle "playchess.com"]
[Source "ChessBase"]
[SourceQuality "1"]
[TimeControl "40/5400+30:1800+30"]

1. e4 c5 2. Nf3 Nc6 3. Bb5 e6 4. O-O Nge7 5. d4 cxd4 6. Nxd4 Ng6 7. Nc3 Qc7 {[%emt 0:04:40] was the old line (7...Be7). B30: Sicilian: 2...Nc6 3 Bb5, lines without ...g6.} 8. Be3 {[%emt 0:01:17] [#]} b6 $146 ({Predecessor:} 8... a6 9. Be2 b5 10. f4 Bb7 11. Bh5 Rc8 12. f5 Nxd4 13. Bxd4 Bc5 14. fxg6 hxg6 15. Bf3 Qxh2+ {1-0 (40) Shirov,A (2713)-Shariyazdanov,A (2568) Riga 2014}) 9. Re1 Be7 {[%emt 0:08:45] [#] White has an edge.} 10. Nf5 $1 O-O ({Not} 10... exf5 11. exf5 Nge5 12. f4 $16) 11. Nd5 $2 exd5 $17 12. exd5 Bf6 13. d6 (13. dxc6 $17 dxc6 14. Bd3) 13... Qd8 $19 14. Qf3 Bb7 15. g3 $2 (15. c3) 15... Rb8 {[%emt 0:02:50] aiming for ...Nce5.} 16. Bxc6 Bxc6 17. Qh5 Re8 18. Bh6 (18. Bd4 $142 Re6 19. h4) 18... gxh6 {[%emt 0:05:39] Black is clearly winning.} 19. Nxh6+ Kg7 20. Re7 Bxe7 21. Nf5+ Kh8 22. dxe7 Rxe7 {[%emt 0:00:16] And now ...Re5 would win.} 23. Nd6 Qc7 24. Qd1 {[%emt 0:06:09] [#]} Rbe8 $1 25. Qd4+ Kg8 {[%emt 0:00:11] ( -> ...Re1+)} 26. f4 Ba8 27. Nf5 Qc5 28. Nh6+ Kf8 {[%emt 0:00:05] White got outplayed after the opening.  Weighted Error Value: White=1.09/Black=0.32} 0-1

[Event "8th Fischer Heraklion-GM 2022"]
[Site "Heraklion"]
[Date "2022.04.27"]
[Round "2.3"]
[White "Jahncke, Giso"]
[Black "Materia, Marco"]
[Result "1/2-1/2"]
[ECO "E07"]
[WhiteElo "2326"]
[BlackElo "2398"]
[Annotator "TA"]
[PlyCount "65"]
[EventDate "2022.04.18"]
[EventType "tourn"]
[EventCountry "GRE"]
[SourceTitle "playchess.com"]
[Source "ChessBase"]
[SourceQuality "1"]
[TimeControl "40/5400+30:1800+30"]

1. d4 Nf6 2. Nf3 e6 3. g3 d5 4. Bg2 Be7 5. O-O O-O 6. b3 b6 7. c4 c6 8. Bb2 Nbd7 9. Ne5 {[%emt 0:02:44] E07: Closed Catalan: Main Line (5 Nf3 0-0 6 0-0 Nbd7).} Nxe5 10. dxe5 Nd7 11. cxd5 cxd5 12. e4 dxe4 13. Bxe4 {[%emt 0:13:14] [#]} Ba6 $146 ({Predecessor:} 13... Rb8 14. Qe2 Nc5 15. Rd1 Qc7 16. Rc1 Qd7 17. Nc3 Nxe4 18. Nxe4 Bb7 19. Qg4 Bxe4 20. Qxe4 Bc5 21. b4 Qd2 22. bxc5 Qxb2 23. c6 Qb5 24. Qd4 {½-½ (24) Loviscek,M-Knapic,A Rogaska Slatina 1998}) 14. Bxa8 Bxf1 15. Qxf1 {[%emt 0:09:04] [#] Threatens to win with Be4.} Qxa8 16. Nd2 Rd8 17. Rd1 Nc5 {[%emt 0:02:26] White must now prevent ...Qd5.} 18. Nc4 Rxd1 19. Qxd1 {[%emt 0:00:09] The position is equal.} Qe4 20. Ba3 h6 21. f3 (21. h4 {is interesting.} b5 22. Nd6 Qxe5 23. Nc8) 21... Qb7 22. Bxc5 Bxc5+ 23. Kg2 Be7 24. Qd4 Qc6 25. a4 g6 26. g4 b5 27. axb5 Qxb5 28. Qxa7 (28. Qe3 {is more complex.} Bc5 29. Qc3 Kg7 30. Qa5) 28... Qxb3 29. Qxe7 Qxc4 $11 {[%emt 0:00:06] KQ-KQ} 30. Qd8+ Kg7 31. Qf6+ Kg8 32. Qd8+ Kg7 33. Qf6+ {[%emt 0:00:06] An interesting draw.  Weighted Error Value: White=0.03 (flawless) /Black=0.02 (flawless)} 1/2-1/2

[Event "8th Fischer Heraklion-GM 2022"]
[Site "Heraklion"]
[Date "2022.04.27"]
[Round "2.4"]
[White "Milikow, Yoav"]
[Black "Nikolaidis, Ioannis"]
[Result "1-0"]
[ECO "D11"]
[WhiteElo "2383"]
[BlackElo "2536"]
[Annotator "TA"]
[PlyCount "109"]
[EventDate "2022.04.18"]
[EventType "tourn"]
[EventCountry "GRE"]
[SourceTitle "playchess.com"]
[Source "ChessBase"]
[SourceQuality "1"]
[TimeControl "40/5400+30:1800+30"]

1. d4 d5 2. c4 c6 3. Nf3 Nf6 4. g3 Bf5 5. Nc3 e6 6. Nh4 {[%emt 0:01:19] D11: Slav Defence: 3 Nf3 sidelines and 3...Nf6 4 e3 Bg4.} Bg4 7. h3 Bh5 8. g4 {[%emt 0:01:04] The position is equal. 8.Qb3 is the modern continuation.} Bg6 9. Nxg6 hxg6 10. g5 Ne4 11. Nxe4 dxe4 {[%emt 0:00:04] [#]} 12. Bg2 $146 ({Predecessor:} 12. a3 Be7 13. Qb3 Qb6 14. Qc3 Nd7 15. Bf4 Rh4 16. e3 c5 17. d5 e5 18. Bg3 Rh7 19. Bxe5 Bxg5 20. O-O-O O-O-O 21. Rd2 f6 {½-½ (21) Cornette,M (2591)-Kuczynski,R (2487) Germany 2015}) 12... Rh4 13. Qb3 $36 {[%emt 0:06:16][%mdl 2048] White is more active.} Nd7 (13... Qxd4 $14 14. Qxb7 Qd7 15. Qxa8 Bb4+ 16. Bd2 Qxd2+ 17. Kf1 Bd6 18. Qxa7 Rf4) 14. Qg3 $16 Rh5 15. Bxe4 (15. Be3 $16) 15... Nb6 ({Better is} 15... Qb6 $1 $14) 16. Qd3 {[%emt 0:06:16] White is more active.} Rxg5 17. Bxg5 Qxg5 18. c5 {[%emt 0:01:26] [#] Threatens to win with h4.} Nd7 19. h4 Qf6 20. O-O-O O-O-O 21. b4 Qf4+ 22. Qe3 Qxe3+ 23. fxe3 Be7 24. Rdf1 ({White should play} 24. Bf3 $18) 24... f5 25. Bf3 Rh8 26. h5 g5 {[%emt 0:01:07] [#]} 27. e4 $1 g4 28. Bg2 Bg5+ 29. Kc2 f4 (29... Re8 {keeps fighting.} 30. Kd3 (30. exf5 exf5 31. e4 fxe4 $18) 30... Bh6) 30. e5 $18 Nb8 31. Be4 Na6 32. Rfg1 g3 33. Kc3 Rd8 34. e3 Nc7 35. a4 {[%emt 0:00:27] Against Nb5+} fxe3 (35... Na6 {was called for.} 36. b5 cxb5 37. axb5 Nc7) 36. Rxg3 {[%emt 0:00:14] White is clearly winning.} Bh6 37. Rf3 Bg5 38. Rg1 Bh6 39. Rf7 a5 (39... e2 $142 40. Rf3 Na6) 40. bxa5 Rd7 41. Rf8+ Rd8 42. Rgf1 Rxf8 43. Rxf8+ {[%emt 0:00:03][%mdl 4096] Endgame KRB-KBN} Kd7 44. Kd3 {[%emt 0:01:33] Strongly threatening Rb8.} Na6 {[%emt 0:02:33] Against Rb8} 45. Rf7+ Kc8 46. Ke2 {[%emt 0:01:15] Bc2 is the strong threat.} Nb4 {[%emt 0:00:19] Prevents Bc2.} 47. Rf1 Na2 48. Kd3 Bg5 49. Rg1 Bh6 50. Ra1 Nb4+ 51. Kc3 e2 52. Re1 Na2+ 53. Kc2 Nc1 54. Bd3 Be3 55. Bxe2 {[%emt 0:00:15] Weighted Error Value: White=0.08 (flawless) /Black=0.25 (precise)} 1-0

[Event "8th Fischer Heraklion-GM 2022"]
[Site "Heraklion"]
[Date "2022.04.27"]
[Round "2.5"]
[White "Mitsis, Georgios"]
[Black "Szwed, Jacek"]
[Result "0-1"]
[ECO "A43"]
[WhiteElo "2344"]
[BlackElo "2360"]
[Annotator "TA"]
[PlyCount "90"]
[EventDate "2022.04.18"]
[EventType "tourn"]
[EventCountry "GRE"]
[SourceTitle "playchess.com"]
[Source "ChessBase"]
[SourceQuality "1"]
[TimeControl "40/5400+30:1800+30"]

1. d4 e6 2. c4 c5 3. d5 exd5 4. cxd5 d6 5. Nc3 g6 6. Bf4 {[%emt 0:04:03] A43: Schmid Benoni.} a6 7. Qa4+ Qd7 8. Qxd7+ {[%emt 0:02:44] White is slightly better.} Kxd7 9. Na4 {[%emt 0:16:05] aiming for Nb6+.} Kd8 10. Nb6 Ra7 11. Nf3 Kc7 {[%emt 0:15:16] [#]} 12. Na4 $146 (12. Nxc8 $16 Kxc8 13. e4) ({Predecessor:} 12. Nxc8 Kxc8 13. Ng5 b6 14. g3 h6 15. Bh3+ Kd8 16. Ne4 Kc7 17. b4 g5 18. bxc5 gxf4 19. cxb6+ Kxb6 {1-0 (58) Grigore,G (2410)-Giurumia,S (2235) Cologne 1992}) 12... Bh6 $11 13. Bg3 {[%emt 0:01:49] Ne5 is the strong threat.} Nd7 {[%emt 0:02:38] Against Ne5} 14. b4 ({White should play} 14. h4 $11) 14... cxb4 $15 15. e3 {[%emt 0:00:38] Strongly threatening Rc1+.} b5 16. Rc1+ Kd8 17. Nd4 Bb7 18. Nb2 Bg7 (18... Ne7 $17) 19. Bxd6 $11 Bxd5 20. Bxb4 Bxd4 21. exd4 a5 22. Bd6 (22. Bd2 $5 ) 22... Ngf6 {[%emt 0:00:34] White must now prevent ...Re8+.} 23. f3 Re8+ 24. Kf2 Re6 25. Bc5 {[%emt 0:00:59] A strong pair of Bishops.} Rb7 26. Be2 (26. a3 $11 {keeps the balance.}) 26... Rc6 {[%emt 0:01:19] Black is more active.} (26... Bxa2 $17 27. Ra1 Nxc5 28. dxc5 {[#]} Nd5 $1) 27. a4 Nxc5 28. dxc5 bxa4 29. Nxa4 Nd7 {[%emt 0:00:10] Prevents Nb6.} (29... Bb3 $5 30. Nb6 Nd7 $15) 30. Rb1 Nxc5 {[%emt 0:03:52] And now ...Rxb1 would win.} (30... Rcc7 {feels hotter.} 31. Bb5 Ba2 32. Rb2 Nxc5 33. Rd1+ Nd7) 31. Rbd1 Nxa4 ({Resist} 31... Rd7 32. Bb5 Nxa4 33. Bxa4 $16) 32. Rxd5+ Ke7 33. Rxa5 (33. Re1 {is more complex.} Rc2 34. Kf1 Kf6 35. Bd1) 33... Nc3 34. Bd3 Rd6 35. Re1+ Kf6 36. Bc4 Rd2+ 37. Kg3 Rd4 38. Rc5 Na4 39. Rc6+ Kg7 40. Ra1 Nb2 41. Rb1 h5 {[%emt 0:06:03][%cal Ob2d1] Hoping for ...Nd1!} 42. h4 Rb4 43. Rc7 (43. Bf1 $11) 43... Rbxc4 $19 {[%emt 0:00:29] Black is clearly winning.} 44. Rxc4 Nxc4 45. Rb4 {[%emt 0:00:06] [#]} Ne3 $1 {[%emt 0:01:40][%mdl 512] Weighted Error Value: White=0.40/Black=0.09 (flawless)} 0-1